 Dungeon Crawl Stone Soup version 0.27-a0-1500-g450c7e4133 (webtiles) character file.

Game seed: 11991887196428230273

21 pointlesswaste the Ducker (level 3, -1/26 HPs)
             Began as a Human Wanderer on July 7, 2021.
             Succumbed to an adder's poison
             ... on level 2 of the Dungeon.
             The game lasted 00:10:01 (1468 turns).

pointlesswaste the Ducker (Human Wanderer)          Turns: 1468, Time: 00:10:02

Health: -1/26      AC:  5    Str: 14    XL:     3   Next: 5%
Magic:  3/3        EV: 11    Int: 12    God:
Gold:   24         SH:  0    Dex: 11    Spells: 2/2 levels left

rFire    . . .     SeeInvis .   a - +0 club
rCold    . . .     Faith    .   (no shield)
rNeg     . . .     Spirit   .   h - +0 ring mail
rPois    .         Reflect  .   (no helmet)
rElec    .         Harm     .   (no cloak)
rCorr    .         Rampage  .   (no gloves)
Will     +....                  (no boots)
Stlth    +.........             (no amulet)
HPRegen  0.08/turn              c - ring of willpower
MPRegen  0.08/turn              (no ring)

@: lethally poisoned (-1 -> -8)
A: no striking features
a: no special abilities


You were on level 2 of the Dungeon.
You visited 1 branch of the dungeon, and saw 2 of its levels.

You collected 24 gold pieces.

Inventory:

Hand Weapons
 a - a +0 club (weapon)
 d - a +0 dagger
Missiles
 e - 16 bolts
 j - 4 poisoned darts (quivered)
Armour
 b - a +0 robe
 h - a +0 ring mail (worn)
Jewellery
 c - a ring of willpower (left hand)
Scrolls
 f - a scroll of enchant armour {unknown}
 i - a scroll of identify {unknown}
Potions
 g - a potion of curing {unknown}


   Skills:
 + Level 1.0 Fighting
 + Level 0.5 Short Blades
 + Level 2.2 Polearms
 + Level 1.0 Throwing
 + Level 2.5 Dodging
 + Level 1.0 Stealth
 + Level 2.3 Transmutations
 + Level 1.0 Poison Magic


You had 2 spell levels left.
You didn't know any spells.
Your spell library contained the following spells:

 Spells                   Type           Power      Damage    Failure   Level
 Sting                    Tmut/Pois      16%        1d3       34%         1
 Passwall                 Tmut/Erth      1%         N/A       54%         2
 Sandblast                Erth           0%         2d4       56%         1
 Corpse Rot               Necr/Air       N/A        N/A       71%         2
 Sublimation of Blood     Necr           0%         N/A       71%         2
 Spider Form              Tmut/Pois      2%         N/A       71%         3
 Stone Arrow              Conj/Erth      0%         3d7       90%         3
 Petrify                  Tmut/Erth      2%         N/A       99%         4


Dungeon Overview and Level Annotations

Branches:
Dungeon (2/15)

Altars:


Message History

The adder is moderately wounded.
You feel very sick. The adder misses you.
You hit the adder.
The adder is moderately wounded.
You feel sick.
The adder bites you but does no damage. x2
You hit the adder.
The adder is heavily wounded.
You feel sick. The adder misses you. The adder bites you but does no damage.
You closely miss the adder.
The adder is heavily wounded.
You feel sick. The adder bites you.
* * * LOW HITPOINT WARNING * * *
You miss the adder.
The adder is heavily wounded.
You feel sick. The adder barely misses you. The adder closely misses you.
You closely miss the adder.
The adder is heavily wounded.
* * * LOW HITPOINT WARNING * * *
You feel sick.
You are no longer poisoned.
The adder completely misses you. The adder closely misses you.
You hit the adder.
The adder is severely wounded.
The adder bites you but does no damage.
You miss the adder.
The adder is severely wounded.
The adder bites you but does no damage. x2
You miss the adder.
The adder is severely wounded.
The adder bites you but does no damage. The adder closely misses you.
You miss the adder.
The adder is severely wounded.
The adder misses you. The adder bites you.
* * * LOW HITPOINT WARNING * * *
You are lethally poisoned!
The adder poisons you!
You hit the adder.
The adder is almost dead.
You die...

. #####.. .......
.[.....
##........
#####S<......
#...#@......(
#............
#...####..###
###..###.## .
##..##.#####.. #
##..........# ##
####.######## #.
#.........#####.
##...............


You could see an adder.

Vanquished Creatures
  2 dart slugs (D:2)
  4 bats (D:1)
  An endoplasm (D:2)
  A giant cockroach (D:1)
  3 goblins (D:1)
  2 ball pythons (D:1)
  2 frilled lizards (D:1)
  3 rats
18 creatures vanquished.

Notes
Turn   | Place    | Note
-------+----------+-------------------------------------------
     0 | D:1      | pointlesswaste the Human Wanderer began the quest for the
                  | Orb.
     0 | D:1      | pointlesswaste set off with the following items: a +0 club,
                  | a +0 robe; and the following spells available to memorise:
                  | Sting, Sandblast, Passwall, Corpse Rot, Sublimation of
                  | Blood, Spider Form, Stone Arrow, Petrify
     0 | D:1      | Reached XP level 1. HP: 15/15 MP: 1/1
   422 | D:1      | Found a faded altar of an unknown god.
   684 | D:1      | Reached XP level 2. HP: 21/21 MP: 2/2
  1362 | D:2      | Reached XP level 3. HP: 26/26 MP: 3/3
  1467 | D:2      | HP: 1/26 [adder (2)]
  1468 | D:2      | Succumbed to an adder's poison

Illustrated notes

Levels and vault maps discovered:
D:1:      mushboom_english_gardens, layout_loops_corners,
          dreamdust_ecumenical_altar_statues
D:2:      layout_rooms, minmay_vboxes

Action                   || total
-------------------------++-------
Melee: Dagger            ||    36
       Club              ||    48
Armor: Robe              ||    17
       Ring mail         ||    16
Dodge: Dodged            ||    51

Table legend: (Time is in decaauts)
 A = Elapsed time spent in this place.
 B = Non-inter-level travel time spent in this place.
 C = Inter-level travel time spent in this place.
 D = Time resting spent in this place.
 E = Time spent auto-exploring this place.
 F = Levels seen in this place.
 G = Mean time per level.
                   A        B        C        D        E       F      G
               +--------+--------+--------+--------+--------+-----+--------+
         Total |   1479 |   1049 |    430 |    483 |     44 |   2 |  739.5 |
       Dungeon |   1479 |   1049 |    430 |    483 |     44 |   2 |  739.5 |
               +--------+--------+--------+--------+--------+-----+--------+

Top non-repeatable levels by time:
     D:1: 1159 daAuts
     D:2: 320 daAuts
